 Dungeon Crawl Stone Soup version 0.27-a0-1391-g48c30b3128 (webtiles) character file.

Game seed: 895002026763239158

1567 Nattfarinn the Grappler (level 8, -8/80 HPs)
             Began as a Troll Warper on July 1, 2021.
             Was a Believer of Uskayaw.
             Mangled by a two-headed ogre (13 damage)
             ... on level 7 of the Dungeon.
             The game lasted 00:07:52 (5831 turns).

Nattfarinn the Grappler (Troll Warper)              Turns: 5831, Time: 00:07:53

Health: -8/80      AC:  4    Str: 22    XL:     8   Next: 59%
Magic:  8/8        EV: 10    Int:  9    God:    Uskayaw [**....]
Gold:   311        SH:  0    Dex: 15    Spells: 9/9 levels left

rFire    . . .     SeeInvis .     - Unarmed
rCold    . . .     Faith    .   (no shield)
rNeg     . . .     Spirit   .   a - +0 robe
rPois    .         Reflect  .   (helmet restricted)
rElec    .         Harm     .   (no cloak)
rCorr    .         Rampage  .   (gloves unavailable)
Will     .....                  (boots unavailable)
Stlth    +.........             B - amulet of regeneration
HPRegen  2.23/turn              e - +4 ring of slaying
MPRegen  0.11/turn              y - +6 ring of dexterity

@: no status effects
A: large, unfitting armour, claws 3, regeneration 1, shaggy fur 1, tough skin 1
a: Renounce Religion, Stomp, Line Pass


You were on level 7 of the Dungeon.
You worshipped Uskayaw.
Uskayaw was noncommittal.
You visited 2 branches of the dungeon, and saw 8 of its levels.
You also visited: Sewer.

You collected 311 gold pieces.

Inventory:

Missiles
 c - 5 boomerangs of dispersal (quivered)
 l - 12 boomerangs
Armour
 a - a +0 robe (worn)
Jewellery
 e - a +4 ring of slaying (left claw)
 r - an amulet of guardian spirit
 y - a +6 ring of dexterity (right claw)
 B - an amulet of regeneration (around neck)
Wands
 u - a wand of paralysis (8)
 z - a wand of flame (14)
 A - a wand of polymorph (9)
Scrolls
 b - 3 scrolls of blinking
 f - a scroll of amnesia
 h - a scroll of identify
 i - 3 scrolls of enchant weapon
 j - a scroll of fog
 k - a scroll of holy word
 q - 4 scrolls of teleportation {unknown}
 v - a scroll of magic mapping {unknown}
 w - a scroll of noise {unknown}
Potions
 d - 6 potions of curing
 g - a potion of ambrosia {unknown}
 m - a potion of attraction {unknown}
 n - 2 potions of heal wounds {unknown}
 o - 2 potions of flight {unknown}
 p - 2 potions of haste {unknown}
 s - 2 potions of degeneration {unknown}
 t - 3 potions of resistance {unknown}
 x - a potion of invisibility {unknown}


   Skills:
 + Level 5.3 Fighting
 - Level 0.8 Throwing
 - Level 1.9 Dodging
 * Level 9.1 Unarmed Combat
 - Level 1.2 Spellcasting
 - Level 2.1 Translocations


You had 9 spell levels left.
You didn't know any spells.
Your spell library contained the following spells:

 Spells                   Type           Power      Damage    Failure   Level
 Blink                    Tloc           N/A        N/A       22%         2
 Shock                    Conj/Air       0%         1d3       36%         1
 Gell's Gravitas          Tloc           2%         N/A       41%         3
 Lesser Beckoning         Tloc           2%         N/A       41%         3
 Teleport Other           Tloc           4%         N/A       41%         3
 Static Discharge         Conj/Air       0%         N/A       50%         2
 Swiftness                Air            0%         N/A       73%         3
 Airstrike                Air            0%         N/A       98%         4
 Manifold Assault         Tloc           4%         N/A       99%         5
 Lightning Bolt           Conj/Air       0%         1d11      100%        5


Dungeon Overview and Level Annotations

Branches:
Dungeon (7/15)             Temple (1/1) D:5           Sewer (visited)

Altars:
Dithmenos
Elyvilon
Fedhas
Gozag
Hepliaklqana
Makhleb
Nemelex Xobeh
Okawaru
Qazlal
Sif Muna
Trog
Uskayaw
Vehumet
Xom
Yredelemnul
Zin
The Shining One
Lugonu

Shops:
D:2 =:[!


Innate Abilities, Weirdness & Mutations

You are too large for most types of armour.
You have claws for hands.
Your natural rate of healing is unusually fast.
You are covered in fur. (AC +1)
You have tough skin. (AC +1)


Message History

The centaur zombie kicks you but does no damage.
You mangle the centaur zombie!!
You destroy the centaur zombie!
No target in view!
An iguana comes into view.
The iguana hisses angrily.
You claw the iguana!
The iguana is heavily wounded.
The iguana bites you.
You mangle the iguana!!
You kill the iguana!
No target in view!
HP restored.
You open the door.
Found a hazy altar of Hepliaklqana.
There is an open door here.
No target in view!
No target in view!
Found a shimmering altar of Xom.
No reachable target in view!
You open the door.
A two-headed ogre comes into view.
It is wielding two +0 giant spiked clubs.
The two-headed ogre shouts in stereo!
There is an open door here.
You mangle the two-headed ogre!!
The two-headed ogre is moderately wounded.
The two-headed ogre hits you with a +0 giant spiked club! x2
You scratch the two-headed ogre.
The two-headed ogre is heavily wounded.
You scratch the two-headed ogre. Your claw misses the two-headed ogre.
The two-headed ogre is heavily wounded.
The two-headed ogre barely misses you.
The two-headed ogre hits you with a +0 giant spiked club!!
You can now pass through a line of other dancers.
You claw the two-headed ogre!
The two-headed ogre is severely wounded.
The two-headed ogre hits you with a +0 giant spiked club!!
* * * LOW HITPOINT WARNING * * *
The two-headed ogre hits you with a +0 giant spiked club!
You die...

............#
.........#..#
.........#'###
#########...###
###.._# #
###...## .##
#Z#_...##..##
#.#####.#....##
##ยง#Y##.@O....#
##Z######......
## ..... ....
... .. .


You could see a two-headed ogre.

Vanquished Creatures
  A wyvern (D:6)
  Menkaure (D:6)
  An ice beast (D:7)
  2 black bears
  3 ogres
  A phantom (D:6)
  A scorpion (D:5)
  A centaur zombie (D:7)
  A bullfrog zombie (D:6)
  2 bullfrog skeletons
  An orc priest (D:7)
  2 hounds (D:5)
  2 centaur skeletons
  A gnoll shaman (D:6)
  4 iguanas
  9 gnolls
  4 adders
  A river rat (Sewer)
  An adder skeleton (D:4)
  3 dart slugs (D:4)
  5 orcs
  9 ball pythons
  4 bats (D:1)
  6 endoplasms
  11 giant cockroaches
  8 goblins
  4 hobgoblins
  11 jackals
  5 kobolds
  9 quokkas
  12 frilled lizards
  7 rats
133 creatures vanquished.

Notes
Turn   | Place    | Note
-------+----------+-------------------------------------------
     0 | D:1      | Nattfarinn the Troll Warper began the quest for the Orb.
     0 | D:1      | Reached XP level 1. HP: 19/19 MP: 1/1
    41 | D:1      | Reached XP level 2. HP: 25/28 MP: 2/2
   138 | D:1      | Reached skill level 3 in Unarmed Combat
   194 | D:1      | Reached XP level 3. HP: 35/35 MP: 3/3
   211 | D:1      | Found a faded altar of an unknown god.
   868 | D:2      | Found Naregror's Jewellery Emporium.
   871 | D:2      | Found Liulopp's Armour Shop.
  1100 | D:2      | Found Esic's Book Emporium.
  1130 | D:2      | Found Necwag's Distillery.
  1247 | D:2      | Found Qugon's Armour Shop.
  1256 | D:2      | Reached XP level 4. HP: 44/44 MP: 4/4
  2227 | D:3      | Reached skill level 4 in Unarmed Combat
  2301 | D:3      | Found a basalt altar of Yredelemnul.
  2671 | D:3      | Found a radiant altar of Vehumet.
  2729 | D:3      | Found a white marble altar of Elyvilon.
  3129 | D:4      | Reached XP level 5. HP: 49/50 MP: 5/5
  3311 | D:4      | Found a stormy altar of Qazlal.
  3403 | D:4      | Found a blossoming altar of Fedhas.
  3716 | D:4      | Noticed a black bear
  3722 | D:4      | Killed a black bear
  3723 | D:4      | Reached skill level 5 in Unarmed Combat
  3723 | D:4      | Reached XP level 6. HP: 47/61 MP: 6/6
  3933 | D:5      | Entered Level 5 of the Dungeon
  3979 | D:5      | Found an opulent altar of Gozag.
  3994 | D:5      | Reached skill level 6 in Unarmed Combat
  4154 | D:5      | Found a glowing drain.
  4178 | Sewer    | Entered a sewer
  4601 | D:5      | Reached XP level 7. HP: 68/68 MP: 7/7
  4769 | D:5      | Found a staircase to the Ecumenical Temple.
  4785 | Temple   | Entered the Ecumenical Temple
  4821 | Temple   | Became a worshipper of Uskayaw the Reveller
  4853 | D:5      | Reached * piety under Uskayaw
  4857 | D:5      | Reached ** piety under Uskayaw
  4926 | D:5      | Reached skill level 7 in Unarmed Combat
  5451 | D:6      | Reached skill level 8 in Unarmed Combat
  5451 | D:6      | Reached XP level 8. HP: 79/79 MP: 8/8
  5558 | D:6      | Reached skill level 5 in Fighting
  5575 | D:6      | Noticed Menkaure
  5579 | D:6      | Killed Menkaure
  5609 | D:6      | Found a sparkling altar of Nemelex Xobeh.
  5758 | D:7      | Reached skill level 9 in Unarmed Combat
  5817 | D:7      | Found a hazy altar of Hepliaklqana.
  5818 | D:7      | Found a shimmering altar of Xom.
  5819 | D:7      | Noticed a spectral ugly thing
  5826 | D:7      | Noticed a two-headed ogre
  5831 | D:7      | Mangled by a two-headed ogre

Illustrated notes

Levels and vault maps discovered:
D:1:      amcnicky_arrival_double_pillar, layout_basic, basic_ecumenical_altar,
          minmay_worlds_worst_comb
D:2:      layout_basic, serial_shops, nicolae_diamond_shop, shop,
          nicolae_square_shop, nicolae_shop_crystal, nicolae_shop_crystal
D:3:      layout_loops_ring, kennysheep_ying_yang, general_overflow_altar,
          roderic_serpentine_path
D:4:      layout_gridville, grunt_qazlal_sundering, fedhas_altar_fruit_tree,
          grunt_decor_junction, ebering_dispersal_statue_hall
D:5:      layout_basic, nicolae_overflow_crystal_walls,
          minmay_temple_entry_drinking_statues, gup_sewer_entry_pipe,
          supply_closet_lemuel
D:6:      layout_gridville, nemelex_diamond_rough_becter, uniq_menkaure
D:7:      layout_cave_pods, regret_index_temple_of_mockery,
          gammafunk_ghost_smash
Temple:   corrupted_temple

Skill      XL: |  1  2  3  4  5  6  7  8 |
---------------+-------------------------+-----
Fighting       | 2 3 4 5 |  5.3
Unarmed Combat | 3 4 5 6 8 9 |  9.1
Throwing       | |  0.8
Dodging        | |  1.9
Spellcasting   | |  1.2
Translocations | |  2.1

Action                   |  1- 3 |  4- 6 |  7- 9 || total
-------------------------+-------+-------+-------++-------
Melee: Unarmed           |    92 |   161 |   100 ||   353
       Punch             |       |     2 |     3 ||     5
  Use: Scroll            |       |     5 |       ||     5
 Stab: Sleeping          |     1 |       |     1 ||     2
Armor: Robe              |    58 |    44 |    23 ||   125
Dodge: Dodged            |    86 |    60 |    53 ||   199

Table legend: (Time is in decaauts)
 A = Elapsed time spent in this place.
 B = Non-inter-level travel time spent in this place.
 C = Inter-level travel time spent in this place.
 D = Time resting spent in this place.
 E = Time spent auto-exploring this place.
 F = Levels seen in this place.
 G = Mean time per level.
                   A        B        C        D        E       F      G
               +--------+--------+--------+--------+--------+-----+--------+
         Total |   5850 |   5634 |    216 |     62 |   4738 |   9 |  650.0 |
       Dungeon |   5387 |   5195 |    192 |     62 |   4457 |   7 |  769.6 |
        Temple |     52 |     28 |     24 |      0 |     27 |   1 |   52.0 |
         Sewer |    410 |    410 |      0 |      0 |    253 |   1 |  410.0 |
               +--------+--------+--------+--------+--------+-----+--------+

Top non-repeatable levels by time:
     D:2: 1360 daAuts
     D:3: 969 daAuts
     D:4: 810 daAuts
     D:1: 779 daAuts
     D:5: 693 daAuts
     D:6: 607 daAuts
   Sewer: 410 daAuts
     D:7: 167 daAuts
  Temple: 52 daAuts
